 Dungeon Sprint DCSS version 0.27-a0-860-gaf99fae3ca (webtiles) character file.

Game seed: 13817007808973707073

60 fozzywoppz the Insei (level 3, -1/45 HPs)
             Began as a Demonspawn Monk on Apr 1, 2021.
             Succumbed to a scorpion's poison
             ... in the Dungeon (Sprint IX: "|||||||||||||||||||||||||||||").
             The game lasted 00:00:51 (118 turns).

fozzywoppz the Insei (Demonspawn Monk)               Turns: 118, Time: 00:00:51

Health: -1/45      AC: 11    Str: 11    XL:     3   Next: 80%
Magic:  3/3        EV: 13    Int: 11    God:
Gold:   0          SH:  0    Dex: 16    Spells: 2/2 levels left

rFire    . . .     SeeInvis .     - Unarmed
rCold    . . .     Faith    .   (no shield)
rNeg     . . .     Spirit   .   a - +0 robe
rPois    .         Reflect  .   (no helmet)
rElec    .         Harm     .   (no cloak)
rCorr    .         Rampage  .   (no gloves)
Will     .....     NoTele   +   (no boots)
Stlth    ..........             (no amulet)
HPRegen  0.15/turn              (no ring)
MPRegen  0.08/turn              (no ring)

@: berserking, lethally poisoned (-1 -> -15), sanguine armoured, very quick
A: sanguine armour 2
a: no special abilities


You were in the Dungeon.
You visited 1 branch

Inventory:

Armour
 a - a +0 robe (worn)
Scrolls
 g - a scroll of blinking
Potions
 b - a potion of curing
 c - a potion of heal wounds
 d - a potion of haste
 e - 2 potions of magic


   Skills:
 - Level 4.0 Fighting
 - Level 3.0 Dodging
 - Level 2.0 Stealth
 + Level 6.8 Unarmed Combat


You had 2 spell levels left.
You didn't know any spells.
Your spell library was empty.

Dungeon Overview and Level Annotations

Branches:
Dungeon (1/1)

Altars:


Innate Abilities, Weirdness & Mutations

When seriously injured, your bleeding wounds create thick armour. (AC +9)


Message History

You punch the scorpion!
The scorpion is almost dead.
You feel sick. The scorpion stings you.
You are lethally poisoned!
The scorpion poisons you!
You barely miss the scorpion.
The scorpion is almost dead.
* * * LOW HITPOINT WARNING * * *
You feel very sick. The scorpion barely misses you.
Unknown command.
You hit the scorpion.
You kill the scorpion!
* * * LOW HITPOINT WARNING * * *
You feel very sick.
Training target 4.0 for Fighting reached!
Your Fighting skill increases to level 4!
Your Unarmed Combat skill gained 3 levels and is now at level 6!
You have reached level 2!
Your demonic ancestry asserts itself...
You feel your blood ready itself to protect you.
You have reached level 3!
Your experience leads to an increase in your attributes!
Increase (S)trength, (I)ntelligence, or (D)exterity?
You feel agile.
Your demonic ancestry asserts itself...
You feel your blood thicken.
You punch the jelly!
Your hands burn!
* * * LOW HITPOINT WARNING * * *
Your blood congeals into armour.
The jelly is almost dead.
* * * LOW HITPOINT WARNING * * *
You feel sick. The jelly hits you but does no damage.
Unknown command.
You are possessed by a berserker rage.
You are lethally poisoned (1 -> -14).
Your shed blood clings to and protects you.
Your movement speed is very quick.
Your attack speed is very fast.
Unknown command.
You punch the jelly!
You kill the jelly!
You die... ▓▓▓▓▓▓▓▓▓▓▓▓▓▓▓▓▓▓ ▓<...)†...@'shZ..+ ▓▓▓▓▓▓▓▓▓▓▓▓▓▓▓▓▓▓

You could see a scorpion, a hound and an adder zombie.

Vanquished Creatures
  A scorpion (D)
  A jelly (D)
  A ball python (D)
  A giant cockroach (D)
  A goblin (D)
  2 rats (D)
7 creatures vanquished.

Notes
Turn   | Place    | Note
-------+----------+-------------------------------------------
     0 | D        | fozzywoppz the Demonspawn Monk began the quest for the Orb.
     0 | D        | Reached XP level 1. HP: 18/18 MP: 1/1
     6 | D        | Reached skill level 3 in Unarmed Combat
   110 | D        | Noticed a scorpion
   110 | D        | Noticed a jelly
   110 | D        | Noticed a scorpion
   110 | D        | Noticed a hound
   116 | D        | Killed a scorpion
   117 | D        | Reached skill level 6 in Unarmed Combat
   117 | D        | Gained mutation: When seriously injured, your bleeding
                  | wounds create armour. (AC +9) [demonic ancestry]
   117 | D        | Reached XP level 2. HP: 5/25 MP: 2/2
   117 | D        | Gained mutation: When seriously injured, your bleeding
                  | wounds create thick armour. (AC +9) [demonic ancestry]
   117 | D        | Reached XP level 3. HP: 7/30 MP: 3/3
   117 | D        | HP: 2/45 [acid (5)]
   118 | D        | Succumbed to a scorpion's poison

Illustrated notes

Levels and vault maps discovered:
D:        linesprint [early_d, line_temple, items_1, d_10, items_2, lair_1,
          lair_end, items_3, orc_1, orc_end, items_4, d_15, swamp_1, shoals_1,
          snake_1, spider_1, d_20, vaults_1, items_5, swamp_end, shoals_end,
          snake_end, spider_end, vaults_end, d_27, items_6, zot_1, zot_end,
          crypt_end, forest_end, elf_end, slime_end, tomb_end, abyss_end,
          pan_hell_end]

Skill      XL: |  1 |
---------------+----+-----
Stealth        | 2 |  2.0
Unarmed Combat | 6 |  6.8
Dodging        | 3 |  3.0
Fighting       | 4 |  4.0

Action                   || total
-------------------------++-------
Melee: Unarmed           ||    23
       Punch             ||     1
  Use: Potion            ||     1
Armor: Robe              ||     4
Dodge: Dodged            ||     6

Table legend: (Time is in decaauts)
 A = Elapsed time spent in this place.
 B = Non-inter-level travel time spent in this place.
 C = Inter-level travel time spent in this place.
 D = Time resting spent in this place.
 E = Time spent auto-exploring this place.
 F = Levels seen in this place.
 G = Mean time per level.
                   A        B        C        D        E       F      G
               +--------+--------+--------+--------+--------+-----+--------+
         Total |    115 |    115 |      0 |     77 |      0 |   1 |  115.0 |
       Dungeon |    115 |    115 |      0 |     77 |      0 |   1 |  115.0 |
               +--------+--------+--------+--------+--------+-----+--------+

Top non-repeatable levels by time:
       D: 115 daAuts
